 Dungeon Crawl Stone Soup version 0.23-a0-143-g1adec7b (webtiles) character file.

841 Amnesiac the Magician (level 7, -12/46 HPs)
             Began as a Mummy Ice Elementalist on Sept 4, 2018.
             Killed by divine providence
             ... invoked by an orc priest
              (13 damage)
             ... on level 7 of the Dungeon.
             The game lasted 00:06:35 (3194 turns).

Amnesiac the Magician (Mummy Ice Elementalist)      Turns: 3194, Time: 00:06:36

Health: -12/46     AC:  6    Str: 16    XL:     7   Next: 67%
Magic:  0/17       EV: 12    Int: 16    God:
Gold:   128        SH:  0    Dex: 13    Spells: 8/20 levels left

rFire    x . .     SeeInvis .   n - +0 mace of Tortfeasance {crush, Str+5}
rCold    + . .     Gourm    .   (no shield)
rNeg     + + +     Faith    .   a - +0 robe
rPois    ∞         Spirit   .   p - +0 helmet
rElec    .         Reflect  .   k - +0 cloak
rCorr    .         Harm     .   h - +0 pair of gloves
MR       .....                  m - +0 pair of boots
Stlth    ++........             (no amulet)
HPRegen  0.15/turn              (no ring)
MPRegen  0.15/turn              (no ring)

@: no status effects
A: no food or potions, fire vulnerability, cold resistance 1, negative energy
resistance 3, torment resistance, unbreathing
a: no special abilities


You were on level 7 of the Dungeon.
You were not hungry.

You visited 1 branch of the dungeon, and saw 7 of its levels.

You collected 128 gold pieces.

Inventory:

Hand Weapons
 d - a +2 dagger of freezing
 j - a +0 hunting sling
 n - the +0 mace of Tortfeasance (weapon) {crush, Str+5}
   (You found it on level 4 of the Dungeon)

   It inflicts extra damage upon your enemies.
   It affects your strength (+5).
 o - a +2 quarterstaff of chaos
Missiles
 b - 160 stones (quivered)
 c - 13 sling bullets
Armour
 a - a +0 robe (worn)
 h - a +0 pair of gloves (worn)
 k - a +0 cloak (worn)
 m - a +0 pair of boots (worn)
 p - a +0 helmet (worn)
Scrolls
 e - a scroll of remove curse {!r}
 f - 2 scrolls of identify {!r}
 g - a scroll of magic mapping {!r}
 q - a scroll of silence {!r}


   Skills:
 - Level 1.5 Dodging
 - Level 1.5 Stealth
 - Level 7.0 Spellcasting
 - Level 0.7 Conjurations
 * Level 6.2 Ice Magic


You had 8 spell levels left.
You knew the following spells:

 Your Spells              Type           Power        Failure   Level  Hunger
a - Freeze                Ice            ####         1%          1    N/A
c - Summon Ice Beast      Ice/Summ       ###.....     34%         4    N/A
d - Throw Icicle          Conj/Ice       ###.....     30%         4    N/A
z - Ozocubu's Armour      Chrm/Ice       ###.....     11%         3    N/A

Your spell library contained the following spells:

 Spells                   Type           Power        Failure   Level  Hunger
 Throw Frost              Conj/Ice       ###...       4%          2    N/A

Dungeon Overview and Level Annotations

Branches:
Dungeon (7/15)
 Temple: D:4-7

Altars:
Ashenzari
Elyvilon
Zin
The Shining One

Annotations:
D:5 Ijyb


Innate Abilities, Weirdness & Mutations

You do not eat or drink.
Your flesh is vulnerable to fire.
You are immune to poison.
Your flesh is cold resistant. (rC+)
You are immune to negative energy. (rN+++)
You are immune to unholy pain and torment.
You can survive without breathing.


Message History

You don't have enough magic to cast that spell.
Unknown command.
You closely miss the orc priest.
The orc priest is severely wounded.
The orc barely misses you. The orc priest hits you with a dagger.
The orc barely misses you.
The orc priest hits you but does no damage.
You barely miss the orc priest.
The orc priest is severely wounded.
The orc misses you. The orc priest hits you with a dagger.
Casting: Freeze (safe; 1% risk of failure)
Confirm with . or Enter, or press ? or * to list all spells.
Aiming: Freeze (safe; 1% risk of failure)
Press: ? - help, Shift-Dir - straight line, f/p - orc priest
Aim: an orc priest, wielding a dagger and wearing a leather armour (severely You freeze the orc priest.
The orc priest is severely wounded.
The iguana barely misses you. The orc closely misses you.
The orc priest misses you.
You hit the orc priest but do no damage.
The orc priest is severely wounded.
The iguana bites you but does no damage.
The orc closely misses you.
The orc priest hits you but does no damage.
The iguana barely misses you. The orc completely misses you.
The orc priest hits you but does no damage.
You barely miss the orc priest.
The orc priest is severely wounded.
The iguana barely misses you. The orc hits you.
* * * LOW HITPOINT WARNING * * *
The orc priest calls down the wrath of Beogh upon you.
Beogh smites you!
* * * LOW HITPOINT WARNING * * *
You aren't carrying any items that you can evoke.
Okay, then.
The orc priest begins to cast a cantrip, but forgets the words!
Found 11 gold pieces.
You aren't carrying any items that you can evoke.
The orc priest hits you but does no damage.
Found a robe.
Casting: Freeze (safe; 1% risk of failure)
Confirm with . or Enter, or press ? or * to list all spells.
Aiming: Freeze (safe; 1% risk of failure)
Press: ? - help, Shift-Dir - straight line, f/p - orc priest
Aim: an orc priest, wielding a dagger and wearing a leather armour (severely You freeze the orc priest.
The orc priest is almost dead.
The iguana barely misses you. The orc closely misses you.
The orc priest closely misses you.
Unknown command.
The orc hits you but does no damage. The orc priest hits you with a dagger.
* * * LOW HITPOINT WARNING * * *
The orc priest hits you with a dagger.
* * * LOW HITPOINT WARNING * * *
There is a stone staircase leading up here.
Casting: Freeze (safe; 1% risk of failure)
Confirm with . or Enter, or press ? or * to list all spells.
You don't know that spell.
Unknown command.
Unknown command.
The iguana misses you.
The orc priest mumbles some strange prayers to Beogh against you.
Beogh smites you!
You die...

.............##
[.........$....#
...............##
................#
................#
................#
................#
.........oo@....#
................#
.........l......#
................#
................#
....?...........#
........(.......#
...............##
...............#


You could see an iguana, an orc priest and an orc.

Vanquished Creatures
  A hungry ghost (D:6)
  An ogre (D:4)
  A bullfrog (D:6)
  A scorpion (D:4)
  2 crimson imps
  A jelly (D:6)
  3 orc wizards
  Crazy Yiuf (D:4)
  An iguana (D:4)
  Natasha (thrice) (D:4)
  2 worker ants (D:4)
  11 adders
  A shadow imp (D:5)
  An ooze (D:3)
  3 leopard geckos
  3 orcs
  A ball python (D:4)
  2 giant cockroaches (D:3)
  3 goblins
  A hobgoblin (D:3)
  12 jackals
  2 kobolds
  A quokka (D:5)
  5 bats
  3 frilled lizards
  2 leopard gecko skeletons
  2 rats
70 creatures vanquished.

Vanquished Creatures (others)
  6 fungi
6 creatures vanquished.

Grand Total: 76 creatures vanquished

Notes
Turn   | Place    | Note
-------+----------+-------------------------------------------
     0 | D:1      | Amnesiac the Mummy Ice Elementalist began the quest for the
                  | Orb.
     0 | D:1      | Reached XP level 1. HP: 13/13 MP: 4/4
   308 | D:2      | Reached XP level 2. HP: 16/19 MP: 3/5
   320 | D:2      | Reached skill level 3 in Spellcasting
   478 | D:3      | Reached XP level 3. HP: 17/24 MP: 4/7
   483 | D:3      | Learned a level 3 spell: Ozocubu's Armour
   502 | D:4      | Found a glowing golden altar of the Shining One.
   667 | D:3      | Reached XP level 4. HP: 6/30 MP: 0/9
   978 | D:3      | Reached skill level 4 in Spellcasting
  1120 | D:4      | Reached XP level 5. HP: 21/35 MP: 7/11
  1252 | D:4      | Learned a level 4 spell: Throw Icicle
  1257 | D:4      | Learned a level 4 spell: Summon Ice Beast
  1394 | D:4      | Noticed Natasha
  1405 | D:4      | Killed Natasha
  1634 | D:4      | Reached XP level 6. HP: 36/41 MP: 9/13
  1689 | D:4      | Reached skill level 5 in Spellcasting
  1689 | D:4      | Reached skill level 5 in Ice Magic
  1982 | D:4      | Got a brightly glowing mace
  1983 | D:4      | Identified the cursed +0 mace of Tortfeasance {crush,
                  | Str+5} (You found it on level 4 of the Dungeon)
  1985 | D:4      | Found a runed door.
  2021 | D:4      | Found a shattered altar of Ashenzari.
  2021 | D:4      | Found a white marble altar of Elyvilon.
  2090 | D:4      | Noticed Natasha
  2097 | D:4      | Killed Natasha
  2381 | D:4      | Noticed Natasha
  2386 | D:4      | Killed Natasha
  2477 | D:4      | Noticed Crazy Yiuf
  2483 | D:4      | Killed Crazy Yiuf
  2573 | D:5      | Entered Level 5 of the Dungeon
  2606 | D:6      | Reached XP level 7. HP: 46/46 MP: 11/15
  2723 | D:5      | Noticed an angel
  2724 | D:5      | Found a glowing silver altar of Zin.
  2741 | D:5      | Noticed Ijyb
  2791 | D:5      | Noticed a hungry ghost
  2817 | D:6      | Killed a hungry ghost
  2817 | D:6      | Reached skill level 6 in Spellcasting
  2894 | D:6      | Reached skill level 7 in Spellcasting
  3192 | D:7      | HP: 1/46 [orc priest/dagger (6)]
  3194 | D:7      | Killed from afar by an orc priest

Vault maps used:
D:1:      eino_arrival_water_cross
D:2:      first_ration, st_stairs_6, dk_vineyard_2, solitary_fountain
D:3:      lightli_temple_of_fire, small_statue_intersection,
          serial_bayou_pond_c, grunt_decor_arrowhead
D:4:      tso_metal_star, gammafunk_temple_overflow_wave, uniq_natasha,
          uniq_crazy_yiuf_cottage
D:5:      zin_angel, minmay_temple_entry_fiery, uniq_eustachio, uniq_ijyb
D:6:      serial_aquarium, aquarium_bridge_straight,
          aquarium_bridge_long_separate, aquarium_window_fake,
          aquarium_window_fake, aquarium_view_2d, aquarium_balcony_1b
D:7:      lemuel_slime, lemuel_round_altar, enter_bailey_7, the_bakery,
          uniq_joseph

Skill      XL: |  1  2  3  4  5  6  7 |
---------------+----------------------+-----
Spellcasting   | 3 4 5 7 |  7.0
Ice Magic      | 3 4 5 6 |  6.2
Dodging        | |  1.5
Stealth        | |  1.5
Conjurations   | |  0.7

Action                   |  1- 3 |  4- 6 |  7- 9 || total
-------------------------+-------+-------+-------++-------
Melee: Dagger            |    21 |     4 |       ||    25
       Unarmed           |     1 |       |       ||     1
       Mace              |       |     1 |    32 ||    33
 Fire: Hunting sling     |       |    60 |       ||    60
 Cast: Freeze            |    32 |    64 |    19 ||   115
       Ozocubu's Armour  |       |     1 |       ||     1
       Throw Icicle      |       |       |     6 ||     6
  Use: Scroll            |       |     5 |     3 ||     8
 Stab: Sleeping          |     2 |       |       ||     2
Armor: Robe              |    23 |    16 |    19 ||    58
Dodge: Dodged            |    47 |    37 |    43 ||   127

Table legend:
 A = Non-vault XP
 B = Vault XP
 C = Vault XP percentage of total XP
 D = Non-vault monster count
 E = Vault monster count
 F = Vault count percentage of total count
                 A         B        C        D         E       F
            +---------+---------+-------+---------+---------+-------
      Total |    1130 |      72 |   6.0 |      68 |       2 |   2.9
            +---------+---------+-------+---------+---------+-------
        D:1 |       6 |       0 |   0.0 |       4 |       0 |   0.0
        D:2 |      31 |       0 |   0.0 |       6 |       0 |   0.0
        D:3 |      93 |       0 |   0.0 |      22 |       0 |   0.0
        D:4 |     511 |      72 |  12.3 |      23 |       2 |   8.0
        D:5 |      66 |       0 |   0.0 |       6 |       0 |   0.0
        D:6 |     423 |       0 |   0.0 |       7 |       0 |   0.0
            +---------+---------+-------+---------+---------+-------
